 Dungeon Sprint DCSS version 0.28-a0-1429-gf3d713df7a (webtiles) character file.

Game seed: 11964003754367847972

592 mhtbhm the Cleaver (level 7, 0/111 HPs)
             Began as a Minotaur Berserker on Jan 8, 2022.
             Was a High Priest of Trog.
             Shot with an arrow by a salamander (13 damage)
             ... in the Dungeon (Sprint VII: "The Pits").
             The game lasted 00:01:21 (474 turns).

mhtbhm the Cleaver (Minotaur Berserker)              Turns: 474, Time: 00:01:21

Health: 0/111      AC: 13    Str: 24    XL:     7   Next: 16%
Magic:  6/6        EV: 10    Int:  4    God:    Trog [*****.]
Gold:   0          SH:  0    Dex:  9    Spells: 6/6 levels left

rFire   . . .      SeeInvis .   a - +2 hand axe (freeze)
rCold   . . .      Faith    .   (no shield)
rNeg    . . .      Spirit   .   b - +3 chain mail
rPois   .          Reflect  .   (helmet restricted)
rElec   .          Harm     .   (no cloak)
rCorr   .          Rampage  .   (no gloves)
Will    .....      NoTele   +   (no boots)
Stlth   ..........              (no amulet)
HPRegen 0.28/turn               (no ring)
MPRegen 0.10/turn               (no ring)

@: berserking, lethally poisoned (0 -> -10), very quick
A: horns 2, retaliatory headbutt
a: Renounce Religion, Berserk, Trog's Hand, Brothers in Arms


You were in the Dungeon.
You worshipped Trog.
Trog was extremely pleased with you.
You visited 1 branch

Inventory:

Hand Weapons
 a - a +2 hand axe of freezing (weapon)
Armour
 b - a +3 chain mail (worn)
Scrolls
 h - a scroll of blinking
 j - a scroll of summoning
Potions
 c - 6 potions of curing
 d - 6 potions of heal wounds
 e - a potion of haste
 f - 4 potions of magic
 g - 3 potions of berserk rage
 i - 2 potions of invisibility


   Skills:
 + Level 11.4 Fighting
 + Level 12.2 Axes
 + Level 6.4 Armour
 + Level 6.7 Dodging
 + Level 1.1 Stealth


You had 6 spell levels left.
You didn't know any spells.
Your spell library was empty.

Dungeon Overview and Level Annotations

Branches:
Dungeon (1/1)

Altars:
Gozag
Hepliaklqana
Sif Muna
Trog
Jiyva


Innate Abilities, Weirdness & Mutations

You have a pair of horns on your head.
You reflexively headbutt those who attack you in melee.


Message History

The tarantella touches you but does no damage.
The jelly hits you.
You are splashed with acid!
There is an open door here.
Unknown command.
You hit the tarantella. You freeze the tarantella.
The tarantella is moderately wounded.
You slash the jelly! You freeze the jelly.
You kill the jelly!
Trog accepts your kill.
You hit the salamander mystic. You freeze the salamander mystic.
You hit the naga mage but do no damage.
The salamander mystic hits you with a +0 quarterstaff!
You are engulfed in flames!
The tarantella touches you but does no damage.
Unknown command.
You slash the tarantella! You freeze the tarantella.
Your headbutt misses the tarantella.
The tarantella is severely wounded.
You hit the naga mage. You freeze the naga mage.
You slash the salamander mystic! You freeze the salamander mystic.
You hit the naga but do no damage.
The naga mage points at you and mumbles some strange words.
The bolt of poison hits you.
You are poisoned.
You slash the tarantella! You freeze the tarantella.
You kill the tarantella!
Trog accepts your kill.
You hit the naga. You freeze the naga.
You hit the salamander mystic but do no damage.
You closely miss the naga mage.
You feel sick.
The salamander mystic gestures at you while chanting.
The lance of force hits you!
* * * LOW HITPOINT WARNING * * *
You are knocked back by the lance of force.
You collide with the naga!
The naga is almost dead.
* * * LOW HITPOINT WARNING * * *
The salamander wields a +0 shortbow of flaming.
It bursts into flame!
The salamander shoots an arrow.
The arrow hits you!
You die...

#.#####'#####...<...#
#.#..[)))..##.......#
#.#...)))..##.......#
#'###########.......#
#.).....#).##########
#)###...#)######
#.#.....#)#....#
#.#...#b#'#N...#
#..†..#.#.@N...+
#...###.#N#.N..#
#...†...†.#N...#
################


You could see a salamander mystic, a salamander, a naga mage (fast) and 2 nagas.

Vanquished Creatures
  A tarantella (D)
  A warg (D)
  A floating eye (D)
  A black bear (D)
  An ogre (D)
  A gnoll sergeant (D)
  A scorpion (D)
  A jelly (D)
  2 gnolls (D)
  A river rat (D)
  A white imp (D)
  2 worms (D)
  A bat (D)
  A bat skeleton (D)
  An endoplasm (D)
  A giant cockroach (D)
  A goblin (D)
  A hobgoblin (D)
  A frilled lizard (D)
  A giant cockroach zombie (D)
  2 kobolds (D)
24 creatures vanquished.

Notes
Turn   | Place    | Note
-------+----------+-------------------------------------------
     0 | D        | mhtbhm the Minotaur Berserker began the quest for the Orb.
     0 | D        | Reached XP level 1. HP: 19/19 MP: 0/0
    16 | D        | Reached skill level 4 in Axes
    55 | D        | Reached ** piety under Trog
    61 | D        | Reached skill level 5 in Fighting
    61 | D        | Reached skill level 5 in Axes
    61 | D        | Reached XP level 2. HP: 22/29 MP: 1/1
   134 | D        | Noticed a scorpion
   138 | D        | Killed a scorpion
   139 | D        | Reached skill level 7 in Axes
   139 | D        | Reached XP level 3. HP: 29/38 MP: 2/2
   139 | D        | Reached XP level 4. HP: 35/45 MP: 3/3
   235 | D        | Reached *** piety under Trog
   285 | D        | Found a bloodstained altar of Trog.
   285 | D        | Found a shimmering blue altar of Sif Muna.
   285 | D        | Found a viscous altar of Jiyva.
   285 | D        | Found a hazy altar of Hepliaklqana.
   285 | D        | Found an opulent altar of Gozag.
   308 | D        | Noticed an ogre
   315 | D        | Killed an ogre
   315 | D        | Reached **** piety under Trog
   316 | D        | Reached skill level 8 in Axes
   316 | D        | Reached XP level 5. HP: 56/56 MP: 4/4
   329 | D        | Noticed a black bear
   334 | D        | Killed a black bear
   335 | D        | Reached skill level 9 in Axes
   335 | D        | Reached skill level 5 in Armour
   335 | D        | Reached skill level 5 in Dodging
   342 | D        | Reached ***** piety under Trog
   343 | D        | Reached skill level 10 in Axes
   343 | D        | Noticed a floating eye
   346 | D        | Killed a floating eye
   347 | D        | Reached skill level 10 in Fighting
   347 | D        | Reached XP level 6. HP: 67/67 MP: 5/5
   349 | D        | Noticed a warg
   353 | D        | Reached skill level 11 in Axes
   357 | D        | Received a gift from Trog
   358 | D        | Reached skill level 1 in Stealth
   368 | D        | Killed a warg
   369 | D        | Reached skill level 12 in Axes
   369 | D        | Reached XP level 7. HP: 53/74 MP: 6/6
   465 | D        | Noticed a naga mage
   465 | D        | Noticed a salamander mystic
   465 | D        | Noticed a salamander
   465 | D        | Noticed a tarantella
   474 | D        | Killed a tarantella
   474 | D        | Shot with an arrow by a salamander

Illustrated notes

Levels and vault maps discovered:
D:        pitsprint [storerooms_1, entrance_room_1, metal_vault_3, armoury_1,
          mini_pit_1, grid_room_1, main_hall_1, silver_pit, the_coven_1,
          the_vestibule_1, steel_vault_5, golden_pit, hallway_of_sentries,
          crystal_vault_2, iron_vault_4, final_vault]

Skill      XL: |  1  2  3  4  5  6 |
---------------+-------------------+-----
Fighting       | 5 6 8 10 11 | 11.4
Axes           | 5 7 8 10 12 | 12.2
Armour         | 3 4 5 6 |  6.4
Dodging        | 3 4 6 |  6.7
Stealth        | 1 |  1.1

Action                   |  1- 3 |  4- 6 |  7- 9 || total
-------------------------+-------+-------+-------++-------
Melee: Hand axe          |     9 |    43 |     8 ||    60
       Headbutt          |     2 |    11 |     2 ||    15
       Punch             |       |     1 |       ||     1
Invok: Berserk           |       |       |     1 ||     1
Armor: Animal skin       |       |     4 |       ||     4
       Chain mail        |       |    18 |     4 ||    22
Dodge: Dodged            |     9 |    13 |       ||    22

Table legend: (Time is in decaauts)
 A = Elapsed time spent in this place.
 B = Non-inter-level travel time spent in this place.
 C = Inter-level travel time spent in this place.
 D = Time resting spent in this place.
 E = Time spent auto-exploring this place.
 F = Levels seen in this place.
 G = Mean time per level.
                   A        B        C        D        E       F      G
               +--------+--------+--------+--------+--------+-----+--------+
         Total |    462 |    462 |      0 |    240 |     13 |   1 |  462.0 |
       Dungeon |    462 |    462 |      0 |    240 |     13 |   1 |  462.0 |
               +--------+--------+--------+--------+--------+-----+--------+

Top non-repeatable levels by time:
       D: 462 daAuts
